 Dungeon Crawl Stone Soup version 0.29-a0-284-gf9362112df (webtiles) character file.

Game seed: 432610872117095125

20867 sammy202020 the Blocker (level 12, -17/169 HPs)
             Began as a Minotaur Fighter on Mar 21, 2022.
             Was a Believer of Trog.
             Demolished by a skeletal warrior
             ... wielding a +0 battleaxe
             ... led by a skeletal warrior
              (19 damage)
             ... on level 13 of the Dungeon.
             The game lasted 00:25:05 (15314 turns).

sammy202020 the Blocker (Minotaur Fighter)         Turns: 15314, Time: 00:25:06

Health: -17/169    AC: 15    Str: 22    XL:     12   Next: 49%
Magic:  11/11      EV: 13    Int:  9    God:    Trog [**....]
Gold:   765        SH:  7    Dex: 10    Spells: 11/11 levels left

rFire   . . .      SeeInvis +   A - +3 flail (vorpal)
rCold   . . .      Faith    .   c - +0 buckler
rNeg    . . .      Spirit   .   R - +0 acid dragon scales
rPois   .          Reflect  .   (helmet restricted)
rElec   .          Harm     .   H - +1 cloak
rCorr   +          Rampage  .   y - +2 pair of gloves
Will    .....                   (no boots)
Stlth   ..........              (no amulet)
HPRegen 0.38/turn               g - ring of see invisible
MPRegen 0.12/turn               F - ring of resist corrosion

@: berserking (expiring), very quick
A: horns 2, retaliatory headbutt
a: Renounce Religion, Berserk, Trog's Hand


You were on level 13 of the Dungeon.
You worshipped Trog.
Trog was pleased with you.
You visited 2 branches of the dungeon, and saw 14 of its levels.

You collected 765 gold pieces.

Inventory:

Hand Weapons
 n - the +10 broad axe "Iclamipt" {vorpal, rF+ rC- rN+}
   (You found it on level 5 of the Dungeon)

   It inflicts extra damage upon your enemies.
   rF:        It protects you from fire.
   rC:        It makes you vulnerable to cold.
   rN:        It protects you from negative energy.
 A - a +3 vorpal flail (weapon)
Missiles
 k - 9 atropa-tipped darts (quivered)
 l - 5 javelins
 r - 29 poisoned darts
 N - a throwing net
 Q - 6 curare-tipped darts
Armour
 b - a +1 scale mail
 c - a +0 buckler (worn)
 y - a +2 pair of gloves (worn)
 H - a +1 cloak (worn)
 R - +0 acid dragon scales (worn)
Jewellery
 g - a ring of see invisible (left hand)
 o - a ring of ice
 v - a +6 ring of intelligence
 w - an amulet of faith
 x - a +4 ring of slaying
 F - a ring of resist corrosion (right hand)
 I - a +6 ring of strength
 K - an amulet of regeneration
 L - a ring of protection from cold
Wands
 j - a wand of polymorph (5)
 m - a wand of iceblast (42)
 B - a wand of flame (12)
 E - a wand of digging (14)
Scrolls
 a - 2 scrolls of enchant weapon
 d - 4 scrolls of identify
 e - 2 scrolls of noise
 t - 5 scrolls of teleportation
 z - a scroll of magic mapping {unknown}
 O - a scroll of fear
 P - a scroll of enchant armour
Potions
 f - 3 potions of degeneration
 h - 4 potions of brilliance
 i - 2 potions of ambrosia
 p - a potion of magic
 q - 4 potions of curing
 s - 2 potions of mutation
 u - 5 potions of flight
 C - a potion of resistance
 D - 2 potions of invisibility {unknown}
 G - a potion of berserk rage {unknown}
 M - a potion of attraction {unknown}
Miscellaneous
 J - a phial of floods


   Skills:
 * Level 12.4 Fighting
 * Level 12.1 Axes
 * Level 12.4 Armour
 + Level 7.5 Dodging
 * Level 12.5 Shields


You had 11 spell levels left.
You didn't know any spells.
Your spell library contained the following spells:

 Spells                   Type           Power      Damage    Failure   Level
 Scorch                   Fire           0%         2d5       65%         2
 Flame Wave               Conj/Fire      0%         2d4       99%         4
 Summon Cactus Giant      Summ           0%         N/A       100%        6


Dungeon Overview and Level Annotations

Branches:
Dungeon (13/15)            Temple (1/1) D:7            Lair (0/6) D:10
    Orc (0/2) D:12
 Vaults: D:13-14

Altars:
Ashenzari
Cheibriados
Dithmenos
Elyvilon
Fedhas
Gozag
Hepliaklqana
Kikubaaqudgha
Makhleb
Nemelex Xobeh
Okawaru
Qazlal
Ru
Sif Muna
Trog
Uskayaw
Vehumet
Wu Jian
Xom
Yredelemnul
Zin
The Shining One

Shops:
D:1 [   D:4 :   D:8 [


Innate Abilities, Weirdness & Mutations

You have a pair of horns on your head.
You reflexively headbutt those who attack you in melee.


Message History

The four-headed hydra bites you but does no damage.
The four-headed hydra bites you!
You block the four-headed hydra's attack.
The four-headed hydra bites you!
You barely miss the four-headed hydra.
The four-headed hydra is almost dead.
The skeletal warrior hits you with a +0 battleaxe!
* * * LOW HITPOINT WARNING * * *
You block the skeletal warrior's attack.
The four-headed hydra closely misses you.
You furiously retaliate!
You headbutt the four-headed hydra!
You kill the four-headed hydra!
Trog accepts your kill.
The skeletal warrior hits you with a +0 battleaxe.
* * * LOW HITPOINT WARNING * * *
The skeletal warrior hits you with a +0 mace.
* * * LOW HITPOINT WARNING * * *
You feel a strong urge to attack something.
You hit the skeletal warrior.
Your headbutt misses the skeletal warrior.
The skeletal warrior is lightly damaged.
The skeletal warrior hits you with a +0 battleaxe!
* * * LOW HITPOINT WARNING * * *
You closely miss the skeletal warrior.
You headbutt the skeletal warrior, but do no damage.
The skeletal warrior is lightly damaged.
You block the skeletal warrior's attack. x2
You bludgeon the skeletal warrior!! You headbutt the skeletal warrior!
The skeletal warrior is almost destroyed.
You barely miss the skeletal warrior.
The skeletal warrior is almost destroyed.
The skeletal warrior hits you with a +0 battleaxe!
* * * LOW HITPOINT WARNING * * *
The skeletal warrior hits you with a +0 mace!!
* * * LOW HITPOINT WARNING * * *
You hit the skeletal warrior.
Your headbutt misses the skeletal warrior.
The skeletal warrior is almost destroyed.
The skeletal warrior hits you with a +0 battleaxe!!
You die...

#...#...##....<... ..
#.##...............
..####..................
...(............#.......
...............####.##..
.......................#
........................
.......................
.......@......^......#.
......zz.###........##
......>...##....##..#
.........##....## .##
..........##..## ##
...#.....###...####
..##....###.......## .#
##...##.........##
##..............#


You could see 2 skeletal warriors.

Vanquished Creatures
  3 hydras
  2 boulder beetles
  3 two-headed ogres
  2 centaur warriors
  Nergalle (D:10)
  An orange crystal statue (D:11)
  Pikel (D:5)
  An ugly thing (D:12)
  A manticore (D:12)
  2 cyclopes
  2 unseen horrors
  A komodo dragon (D:11)
  Grinder (D:5)
  11 slime creatures (D:12)
  2 hornets
  2 shadows
  3 wraiths
  2 wyverns
  19 yaks
  2 vampire mosquitoes (D:6)
  A steam dragon (D:7)
  An acid dragon (D:13)
  A water moccasin (D:9)
  2 ice beasts (D:6)
  2 orc warriors
  2 ogres (D:6)
  7 centaurs
  4 lemures (D:5)
  A kobold brigand (D:11)
  A phantom (D:4)
  4 bullfrogs
  6 gnoll sergeants
  A jelly (D:5)
  4 wights (D:8)
  16 killer bees
  2 howler monkeys (D:9)
  6 hounds
  4 gnoll shamans
  8 orc priests
  Natasha (twice) (D:2)
  3 iguanas
  9 orc wizards
  24 gnolls
  8 adders
  4 white imps
  An ufetubus (D:7)
  A worm (D:3)
  A dart slug (D:4)
  29 orcs
  5 bats
  8 endoplasms
  2 giant cockroaches
  8 goblins
  8 hobgoblins
  7 jackals
  10 kobolds
  4 quokkas
  6 ball pythons
  3 frilled lizards
  3 rats
281 creatures vanquished.

Notes
Turn   | Place    | Note
-------+----------+-------------------------------------------
     0 | D:1      | sammy202020 the Minotaur Fighter began the quest for the
                  | Orb.
     0 | D:1      | Reached XP level 1. HP: 19/19 MP: 0/0
   369 | D:1      | Reached XP level 2. HP: 27/27 MP: 1/1
   636 | D:1      | Found Tuului's Antique Armour Emporium.
  1327 | D:2      | Reached XP level 3. HP: 33/33 MP: 2/2
  1383 | D:2      | Noticed Natasha
  1385 | D:2      | Reached skill level 1 in Dodging
  1391 | D:2      | Killed Natasha
  1392 | D:2      | Reached XP level 4. HP: 27/41 MP: 3/3
  1789 | D:2      | Found a faded altar of an unknown god.
  1854 | D:2      | Noticed Natasha
  1858 | D:2      | Killed Natasha
  1859 | D:2      | Reached XP level 5. HP: 35/47 MP: 4/4
  2314 | D:3      | Reached skill level 5 in Armour
  2314 | D:3      | Reached XP level 6. HP: 8/55 MP: 5/5
  2369 | D:3      | Reached skill level 5 in Fighting
  2453 | D:3      | Reached skill level 5 in Shields
  3549 | D:4      | Noticed a hornet
  3563 | D:4      | Killed a hornet
  3564 | D:4      | Reached XP level 7. HP: 24/61 MP: 6/6
  3768 | D:4      | Found Zohiarah's Book Shoppe.
  4065 | D:5      | Entered Level 5 of the Dungeon
  4107 | D:5      | Reached skill level 5 in Axes
  4252 | D:5      | Identified the +10 broad axe "Iclamipt" {vorpal, rF+ rC-
                  | rN+}
  4526 | D:5      | Noticed Pikel
  4540 | D:5      | Killed Pikel
  4541 | D:5      | Reached XP level 8. HP: 30/71 MP: 7/7
  4818 | D:5      | Noticed Grinder
  4822 | D:5      | Paralysed by Grinder for 3 turns
  4828 | D:5      | Paralysed by Grinder for 5 turns
  4836 | D:5      | Killed Grinder
  5172 | D:6      | Reached XP level 9. HP: 60/79 MP: 8/8
  7012 | D:7      | Reached skill level 5 in Dodging
  7012 | D:7      | Reached XP level 10. HP: 84/90 MP: 9/9
  7202 | D:7      | Noticed a cyclops
  7206 | D:7      | Killed a cyclops
  7508 | D:7      | Found a staircase to the Ecumenical Temple.
  7531 | D:7      | Identified the +1 falchion "Osytopun" {freeze, Dex+6}
  7545 | Temple   | Entered the Ecumenical Temple
  7623 | Temple   | Became a worshipper of Trog the Wrathful
  7875 | D:8      | Found Rufae's Armour Shoppe.
  9156 | D:9      | Noticed a cyclops
  9164 | D:9      | Killed a cyclops
  9231 | D:9      | Reached * piety under Trog
  9388 | D:9      | Reached skill level 10 in Shields
  9574 | D:9      | Found a white marble altar of Elyvilon.
  9577 | D:9      | Reached skill level 10 in Fighting
  9577 | D:9      | Reached skill level 10 in Armour
  9639 | D:9      | Noticed a boulder beetle
  9685 | D:9      | Killed a boulder beetle
  9950 | D:10     | Entered Level 10 of the Dungeon
  9983 | D:10     | Noticed Nergalle
  9995 | D:10     | Killed Nergalle
  9996 | D:10     | Reached XP level 11. HP: 85/101 MP: 10/10
 10026 | D:10     | Reached skill level 10 in Axes
 10531 | D:10     | Found a staircase to the Lair.
 10789 | D:10     | Reached ** piety under Trog
 11058 | D:11     | Noticed a two-headed ogre
 11084 | D:11     | Killed a two-headed ogre
 11392 | D:11     | Noticed a two-headed ogre
 11404 | D:11     | Noticed an orange crystal statue
 11410 | D:11     | Killed a two-headed ogre
 11727 | D:11     | Noticed a six-headed hydra
 11736 | D:11     | Killed a six-headed hydra
 12572 | D:11     | Noticed a skeletal warrior
 12572 | D:11     | Noticed a skeletal warrior
 12572 | D:11     | Noticed a skeletal warrior
 12572 | D:11     | Noticed a skeletal warrior
 12572 | D:11     | Noticed a skeletal warrior
 12579 | D:11     | Killed an orange crystal statue
 13049 | D:12     | Noticed a boulder beetle
 13057 | D:12     | Killed a boulder beetle
 13094 | D:12     | Noticed a centaur warrior
 13105 | D:12     | Killed a centaur warrior
 13480 | D:12     | Found a staircase to the Orcish Mines.
 13513 | D:12     | Reached XP level 12. HP: 54/111 MP: 11/11
 13872 | D:12     | Identified the +1 leather armour of Baehegis {rF+}
 13910 | D:12     | Noticed a five-headed hydra
 13922 | D:12     | Killed a five-headed hydra
 14831 | D:12     | Noticed a two-headed ogre
 14836 | D:12     | Killed a two-headed ogre
 15022 | D:13     | Noticed a centaur warrior
 15032 | D:13     | Killed a centaur warrior
 15296 | D:13     | Noticed a four-headed hydra
 15307 | D:13     | Killed a four-headed hydra
 15313 | D:13     | HP: 1/169 [skeletal warrior/+0 mace (19)]
 15314 | D:13     | Demolished by a skeletal warrior

Illustrated notes

Levels and vault maps discovered:
D:1:      lightli_iron_boxes, layout_basic, serial_shops, shop,
          hex_intersection, minmay_pentomino_z2
D:2:      layout_basic, chequers_ecumenical_altar_simple, cheibrodos_gnoll_hut,
          uniq_natasha
D:3:      layout_rooms, minmay_increasing_density
D:4:      layout_basic, serial_shops, shop_statue
D:5:      layout_gridville, uniq_grinder, uniq_pikel
D:6:      layout_basic, st_stairs_6
D:7:      layout_cave_pools, minmay_temple_entry_butterflies, serial_gnoll_camp,
          gnoll_camp_huts_basic, gnoll_camp_mini_hut, gnoll_camp_mini_hut,
          gnoll_camp_mini_house
D:8:      layout_basic, serial_shops, shop
D:9:      layout_roguey, marbit_many_paths
D:10:     layout_loops_cross, lair_entry_dummy, uniq_nergalle
D:11:     layout_basic, serial_curves, eino_curves_02, eino_curves_04,
          minivault_16
D:12:     layout_basic, orc_0_dummy, minmay_misc_feat_ornament
D:13:     layout_cave_pools, serial_shops, bzr_entry_islet, uniq_lodul
Temple:   compressed_dpeg_circular_temple

Skill      XL: |  1  2  3  4  5  6  7  8  9 10 11 12 |
---------------+-------------------------------------+-----
Shields        | 4 5 6 7 9 10 11 12 | 12.5
Armour         | 4 5 6 7 9 10 11 12 | 12.4
Axes           | 3 4 6 7 8 9 11 12 | 12.1
Fighting       | 4 5 6 7 8 10 11 12 | 12.4
Dodging        | 1 2 3 4 5 6 7 |  7.5

Action                   |  1- 3 |  4- 6 |  7- 9 | 10-12 || total
-------------------------+-------+-------+-------+-------++-------
Melee: War axe           |    76 |   148 |    16 |       ||   240
       Headbutt          |     8 |    23 |    26 |    77 ||   134
       Broad axe         |       |       |   121 |   290 ||   411
       Flail             |       |       |       |    24 ||    24
Throw: Dart              |       |       |     1 |       ||     1
Invok: Berserk           |       |       |       |     7 ||     7
       Trog's Hand       |       |       |       |     3 ||     3
  Use: Scroll            |     3 |    10 |     2 |     6 ||    21
       Potion            |       |     4 |     1 |     6 ||    11
Armor: Scale mail        |    40 |    77 |    55 |   166 ||   338
       Acid dragon scale |       |       |       |     6 ||     6
Dodge: Dodged            |    27 |    74 |    54 |   192 ||   347
Block: Buckler           |    20 |    42 |    34 |   138 ||   234

Table legend: (Time is in decaauts)
 A = Elapsed time spent in this place.
 B = Non-inter-level travel time spent in this place.
 C = Inter-level travel time spent in this place.
 D = Time resting spent in this place.
 E = Time spent auto-exploring this place.
 F = Levels seen in this place.
 G = Mean time per level.
                   A        B        C        D        E       F      G
               +--------+--------+--------+--------+--------+-----+--------+
         Total |  15516 |  15404 |    112 |   1166 |  11685 |  14 | 1108.3 |
       Dungeon |  15401 |  15289 |    112 |   1166 |  11651 |  13 | 1184.7 |
        Temple |    114 |    114 |      0 |      0 |     34 |   1 |  114.0 |
               +--------+--------+--------+--------+--------+-----+--------+

Top non-repeatable levels by time:
    D:12: 2040 daAuts
    D:11: 1921 daAuts
     D:6: 1541 daAuts
     D:1: 1330 daAuts
     D:8: 1219 daAuts
    D:10: 1117 daAuts
     D:4: 1104 daAuts
     D:5: 1057 daAuts
     D:7: 1015 daAuts
     D:9: 1000 daAuts
     D:3: 969 daAuts
     D:2: 751 daAuts
    D:13: 333 daAuts
  Temple: 114 daAuts
